 Dungeon Crawl Stone Soup version 0.31-a0-358-gac0dbeb3ab (webtiles) character file.

Game seed: 10940927790154838988

17062 Newt the Destroyer (level 12, -24/91 HPs)
             Began as a Merfolk Fighter on July 26, 2023.
             Was a Priest of Makhleb.
             Annihilated by a komodo dragon (28 damage)
             ... on level 2 of the Lair of Beasts.
             The game lasted 00:15:39 (13155 turns).

Newt the Destroyer (Merfolk Fighter)               Turns: 13155, Time: 00:15:39

Health: -24/91     AC: 13    Str: 16    XL:     12   Next: 44%
Magic:  31/35      EV: 11    Int: 15    God:    Makhleb [***...]
Gold:   190        SH:  0    Dex: 16    Spells: 27/30 levels left

rFire   . . .        w - +5 scimitar
rCold   . . .        G - sphere of Battle
rNeg    . . .        n - +3 scale mail
rPois   .            J - +3 hat of Pondering {ponderous, Will+ MP+10 Int+5}
rElec   .            r - +0 cloak
rCorr   .            (no gloves)
SInv    .            (no boots)
Will    +....        (no amulet) Stlth
                     E - ring of wizardry
HPRegen 0.35/turn    (no ring)
MPRegen 0.24/turn

%: wizardry (x1)
@: slow
A: (nimble swimmer 2), mertail
a: Renounce Religion, Minor Destruction, Lesser Servant of Makhleb


You were on level 2 of the Lair of Beasts.
You worshipped Makhleb.
Makhleb was most pleased with you.
You visited 3 branches of the dungeon, and saw 11 of its levels.

You collected 1109 gold pieces.
You spent 919 gold pieces at shops.

Inventory:

Hand Weapons
 a - a +2 long sword of venom
 l - a +4 glaive
 w - a +5 scimitar (weapon)
 y - a +3 falchion of freezing
Missiles
 u - 6 boomerangs
Armour
 b - a +0 scale mail
 c - a +0 buckler
 n - a +3 scale mail (worn)
 r - a +0 cloak (worn)
 G - the sphere of Battle (worn)
   (You bought it in a shop on level 4 of the Dungeon)

   It enhances your destructive magic.
   It weakens your non-destructive magic.
   It summons a battlesphere in combat, with strength depending on Conjurations
   skill.
 J - the +3 hat of Pondering (worn) {ponderous, Will+ MP+10 Int+5}
   (You took it off Gastronok on level 1 of the Lair of Beasts)

   Int:       It affects your intelligence (+5).
   MP:        It affects your magic capacity (+10).
   Will:      It increases your willpower.
Jewellery
 v - the ring of Fejav {Ice rElec rN+++ MP-9 Int-2}
   (You found it on level 6 of the Dungeon)

   [ring of ice]

   It enhances your ice magic.
   Int:       It affects your intelligence (-2).
   rF:        It makes you vulnerable to fire.
   rC:        It protects you from cold.
   rElec:     It insulates you from electricity.
   rN:        It renders you almost immune to negative energy.
   MP:        It affects your magic capacity (-9).
 E - a ring of wizardry (left hand)
 F - a ring of ice
Wands
 h - a wand of digging (4)
 j - a wand of paralysis (7)
Scrolls
 g - 2 scrolls of teleportation
 k - 2 scrolls of revelation
 q - 2 scrolls of enchant armour {unknown}
 s - 3 scrolls of poison
 z - a scroll of vulnerability {unknown}
 B - a scroll of noise {unknown}
 D - 2 scrolls of blinking {unknown}
 H - a scroll of brand weapon
 I - 2 scrolls of identify
Potions
 d - 5 potions of might
 e - a potion of heal wounds
 f - 2 potions of attraction
 i - 2 potions of brilliance
 m - 2 potions of lignification {unknown}
 o - a potion of haste
 p - 3 potions of enlightenment
 t - a potion of berserk rage
 x - 3 potions of degeneration {unknown}
 A - 2 potions of magic {unknown}
 C - a potion of mutation {unknown}


   Skills:
 - Level 7.0 Fighting
 - Level 8.0 Long Blades
 - Level 2.1 Armour
 - Level 4.0 Dodging
 - Level 3.0 Shields
 + Level 9.7 Spellcasting
 - Level 12.2 Conjurations


You had 27 spell levels left.
You knew the following spells:

 Your Spells              Type           Power      Damage    Failure   Level
a - Magic Dart            Conj           100%       1d8       1%          1
b - Searing Ray           Conj           100%       2d8       1%          2

Your spell library contained the following spells:

 Spells                   Type           Power      Damage    Failure   Level
 Fulminant Prism          Conj/Hex       19%        3d10      12%         4
 Sting                    Tmut/Pois      12%        1d3       16%         1
 Ensorcelled Hibernation  Hex/Ice        6%         N/A       22%         2
 Passwall                 Tmut/Erth      2%         N/A       22%         2
 Swiftness                Air            3%         N/A       38%         3
 Tukima's Dance           Hex            3%         N/A       38%         3
 Animate Armour           Summ/Erth      6%         N/A       78%         4
 Passage of Golubria      Tloc           3%         N/A       78%         4
 Lee's Rapid Deconstruct  Erth           5%         3d6*      98%         5
 Silence                  Hex/Air        1%         N/A       98%         5
 Yara's Violent Unravell  Hex/Tmut       5%         3d4       98%         5
 Simulacrum               Ice/Necr       1%         N/A       100%        6
 Ozocubu's Refrigeration  Ice            5%         4d8       100%        7
 Lehudib's Crystal Spear  Conj/Erth      19%        10d6      100%        8
 Polar Vortex             Ice            5%         N/A       100%        9


Dungeon Overview and Level Annotations

Branches:
Dungeon (8/15)             Temple (1/1) D:6            Lair (2/5) D:8
 Shoals (0/4) Lair:2
  Snake: Lair:2-3    Spider: Lair:2-3

Altars:
Ashenzari
Cheibriados
Dithmenos
Elyvilon
Fedhas
Hepliaklqana
Kikubaaqudgha
Makhleb
Nemelex Xobeh
Okawaru
Qazlal
Ru
Sif Muna
Trog
Uskayaw
Vehumet
Wu Jian
Xom
Yredelemnul
Zin
The Shining One

Shops:
D:3 *   D:4 [   D:8 !*??*

Annotations:
D:7 1 runed translucent door, Monkooky's ghost, novice SpAr


Innate Abilities, Weirdness & Mutations

((You are very nimble when in or above water. (Stealth+, EV+, Speed+++)))
Your lower body shifts to a powerful aquatic tail in water.


Message History

Confirm with . or Enter, or press ? or * to list all spells.
Aiming: Searing Ray (safe; 1% risk of failure)
Press: ? - help, Shift-Dir - straight line, f - komodo dragon
Aim: a komodo dragon (87% to hit)
You feel a surge of power!
The searing ray hits the komodo dragon!
The komodo dragon is lightly wounded. (Press . to maintain the ray.)
Your battlesphere fires!
The barrage of energy hits the komodo dragon but does no damage.
The komodo dragon is lightly wounded.
Your battlesphere expends the last of its energy and dissipates.
The searing ray hits the komodo dragon!
The komodo dragon is moderately wounded.
You conjure a globe of magical energy.
The komodo dragon bites you!
The searing ray hits the komodo dragon.
The komodo dragon is heavily wounded.
The komodo dragon bites you!!
Your battlesphere fires!
The barrage of energy hits the komodo dragon!
The komodo dragon is lightly wounded.
Unknown command.
The searing ray hits the komodo dragon!
The komodo dragon is severely wounded.
You finish channelling your searing ray.
The komodo dragon bites you!!
Unknown command.
Unknown command.
Okay, then.
The komodo dragon attacks as you move away!
The komodo dragon bites you!
* * * LOW HITPOINT WARNING * * *
You see here a komodo dragon corpse.
Unknown command.
The komodo dragon hisses menacingly.
The komodo dragon barely misses you. The komodo dragon bites you!
* * * LOW HITPOINT WARNING * * *
You feel much better. The komodo dragon bites you!!
* * * LOW HITPOINT WARNING * * *
The komodo dragon bites you!!
You die...

.....# #.~.## #.....
#P..####~..# .....
P....#...### #...# #
...†.....## ###...#.##
....†...#.######........
........####.*.......#
........###.....l....#
................ll##..#
............##<.@..#
...#
.........#.####...## ..#
........#### ##.## ##
......### ### ....###
..### ###


You could see 3 komodo dragons and a friendly battlesphere.

Vanquished Creatures
  Gastronok (Lair:1)
  2 hydras (Lair:1)
  A black mamba (Lair:1)
  2 merfolk sirens (Lair:2)
  4 elephants (Lair:1)
  4 cane toads
  4 komodo dragons
  3 polar bears
  2 merfolk (Lair:2)
  A hornet (D:8)
  6 blink frogs (Lair:2)
  2 wyverns (Lair:2)
  Eustachio (D:4)
  A steam dragon (Lair:2)
  18 yaks
  2 humans (D:7)
  An acid dragon (D:7)
  4 water moccasins
  2 ice beasts
  A sky beast (D:6)
  3 black bears
  An ogre (D:5)
  5 wolves (Lair:2)
  A centaur (D:6)
  2 phantoms
  A kobold brigand (D:7)
  10 bullfrogs
  A scorpion (Lair:1)
  16 wights
  11 killer bees
  A howler monkey (D:7)
  4 hounds
  A jelly (D:6)
  Ijyb (D:3)
  Crazy Yiuf (D:3)
  A gnoll bouda (D:7)
  5 orc wizards
  5 adders
  21 gnolls
  2 shadow imps (D:7)
  A white imp (D:7)
  An ufetubus (D:5)
  3 worms
  2 dart slugs
  13 orcs
  3 ball pythons
  4 endoplasms
  4 giant cockroaches
  10 goblins
  11 hobgoblins
  5 quokkas
  9 bats
  6 frilled lizards
  13 kobolds
  3 rats
243 creatures vanquished.

Notes
Turn   | Place    | Note
-------+----------+-------------------------------------------
     0 | D:1      | Newt the Merfolk Fighter began the quest for the Orb.
     0 | D:1      | Reached XP level 1. HP: 18/18 MP: 1/1
    96 | D:1      | Reached XP level 2. HP: 25/25 MP: 2/2
   242 | D:1      | Reached skill level 1 in Dodging
   343 | D:1      | Reached XP level 3. HP: 30/30 MP: 3/3
   862 | D:2      | Found a white marble altar of Elyvilon.
  1709 | D:3      | Noticed Ijyb
  1714 | D:3      | Paralysed by Ijyb for 2 turns
  1724 | D:3      | Killed Ijyb
  1725 | D:3      | Reached XP level 4. HP: 20/37 MP: 4/4
  1857 | D:3      | Reached XP level 5. HP: 27/42 MP: 5/5
  1927 | D:3      | Found a large runed translucent door.
  1927 | D:3      | Found a large runed translucent door.
  1989 | D:3      | HP: 2/42 [gnoll/+0 spear (3)]
  2137 | D:3      | Reached skill level 5 in Long Blades
  2205 | D:3      | Found Hekhar's Assorted Antiques.
  2232 | D:3      | Bought a scroll labelled XEXAEH CUCS for 29 gold pieces
  2232 | D:3      | Bought a scroll labelled JIEGUN RAPAFUEL for 29 gold pieces
  2268 | D:3      | Found a runed translucent door.
  2269 | D:3      | Noticed Crazy Yiuf
  2559 | D:3      | Found a glowing silver altar of Zin.
  2566 | D:3      | Reached XP level 6. HP: 49/49 MP: 6/6
  2569 | D:3      | Found a basalt altar of Yredelemnul.
  2638 | D:3      | Killed Crazy Yiuf
  2639 | D:3      | Reached skill level 5 in Fighting
  2864 | D:4      | Found Beid's Armour Shop.
  2968 | D:4      | Identified a scroll of acquirement
  2968 | D:4      | Acquired 510 gold pieces
  3268 | D:4      | Noticed Eustachio
  3282 | D:4      | Killed Eustachio
  3283 | D:4      | Reached XP level 7. HP: 50/59 MP: 7/7
  3371 | D:4      | You fall into a shaft and drop 1 floor!
  3371 | D:5      | Entered Level 5 of the Dungeon
  4686 | D:5      | Reached XP level 8. HP: 67/67 MP: 8/8
  4863 | D:6      | Identified the ring of Fejav {Ice rElec rN+++ MP-9 Int-2}
  4893 | D:6      | Found a staircase to the Ecumenical Temple.
  4912 | D:6      | Reached skill level 1 in Spellcasting
  4918 | Temple   | Entered the Ecumenical Temple
  4933 | Temple   | Became a worshipper of Makhleb the Destroyer
  5520 | D:6      | Reached skill level 5 in Spellcasting
  5534 | D:6      | Reached XP level 9. HP: 17/72 MP: 15/17
  6147 | D:7      | Found an iron altar of Okawaru.
  6183 | D:7      | Reached skill level 1 in Conjurations
  6266 | D:7      | Learned a level 1 spell: Magic Dart
  6350 | D:7      | Reached skill level 2 in Conjurations
  6366 | D:7      | Reached skill level 3 in Conjurations
  6469 | D:7      | Reached * piety under Makhleb
  6767 | D:7      | Reached skill level 4 in Conjurations
  7552 | D:7      | Found a runed translucent door.
  7552 | D:7      | Noticed Monkooky's ghost (novice SpAr)
  7712 | D:4      | Bought the sphere of Battle for 800 gold pieces
  7712 | D:4      | Found the sphere of Battle
  7865 | D:8      | Reached skill level 5 in Conjurations
  8161 | D:8      | Found Totupefa's General Store.
  8174 | D:8      | Reached XP level 10. HP: 79/79 MP: 12/20
  8225 | D:8      | Paralysed by a hornet for 1 turns
  8227 | D:8      | Paralysed by a hornet for 1 turns
  8237 | D:8      | Reached skill level 6 in Conjurations
  8722 | D:8      | Found Baefu's Assorted Antiques.
  8730 | D:8      | Bought a scroll labelled WIUNGAL TEHISEOGEL for 33 gold
                  | pieces
  8913 | D:8      | Found a staircase to the Lair.
  9302 | D:8      | Found Bobotouw's Magic Scroll Shoppe.
  9305 | D:8      | Bought a scroll of identify for 28 gold pieces
  9589 | D:8      | Found Ukkut's Distillery.
  9699 | D:8      | Found Ahaggih's Magic Scroll Shoppe.
  9905 | Lair:1   | Entered Level 1 of the Lair of Beasts
  9936 | Lair:1   | Reached skill level 7 in Conjurations
 10153 | Lair:1   | Got the Codex of Shapes and the Mountains
 10203 | Lair:1   | Identified the +3 plate armour of the Trombone {Dex+4}
 10260 | Lair:1   | Noticed a five-headed hydra
 10279 | Lair:1   | Killed a seven-headed hydra
 10280 | Lair:1   | Reached skill level 8 in Conjurations
 10539 | Lair:1   | Noticed a cane toad
 10545 | Lair:1   | Killed a cane toad
 10546 | Lair:1   | Reached skill level 9 in Conjurations
 10607 | Lair:1   | Noticed Gastronok
 10619 | Lair:1   | Killed Gastronok
 10619 | Lair:1   | Reached ** piety under Makhleb
 10620 | Lair:1   | Reached skill level 10 in Conjurations
 10620 | Lair:1   | Reached XP level 11. HP: 82/84 MP: 13/21
 10724 | Lair:1   | Learned a level 2 spell: Searing Ray
 10802 | Lair:1   | Noticed a six-headed hydra
 10808 | Lair:1   | Killed a six-headed hydra
 12213 | Lair:2   | Reached skill level 11 in Conjurations
 12423 | Lair:2   | Reached XP level 12. HP: 79/91 MP: 25/25
 12812 | Lair:2   | Reached *** piety under Makhleb
 12813 | Lair:2   | Reached skill level 12 in Conjurations
 13063 | Lair:2   | Found a staircase to the Shoals.
 13155 | Lair:2   | HP: 4/91 [komodo dragon (24)]
 13155 | Lair:2   | Annihilated by a komodo dragon

Illustrated notes

Levels and vault maps discovered:
D:1:      shiori_arrival_elements, layout_loops_ring, minmay_pentomino_r2
D:2:      layout_basic, basic_altar
D:3:      layout_rooms, jmf_multi_god_temple2, serial_shops,
          nicolae_diamond_shop, minmay_door_square, uniq_crazy_yiuf_cottage,
          uniq_ijyb
D:4:      cheibrodos_greedy_goblins, layout_loops_cross, serial_shops, shop,
          uniq_eustachio
D:5:      layout_basic
D:6:      layout_basic, minmay_temple_entry_arrows
D:7:      layout_loops_ring, okawaru_humans, gammafunk_ghost_grave
D:8:      layout_layer_cave, lair_entry_dummy, serial_shops,
          nicolae_shop_rolled_up, nicolae_shop_advertising_works
          [nicolae_subvault_shop_adworks], nicolae_shop_industrial_runoff,
          nicolae_shop_rolled_up, shop
Temple:   regret_index_temple_mists
Lair:1:   layout_cave_pods, uniq_gastronok
Lair:2:   layout_cave_pods, elwin_shoals_entry_stream, beast_lair_carwin_3

Skill      XL: |  1  2  3  4  5  6  7  8  9 10 11 12 |
---------------+-------------------------------------+-----
Fighting       | 4 6 7 |  7.0
Dodging        | 2 4 |  4.0
Long Blades    | 4 5 7 8 |  8.0
Spellcasting   | 5 7 9 |  9.7
Conjurations   | 5 10 11 12 | 12.2
Armour         | |  2.1
Shields        | |  3.0

Action                     |  1- 3 |  4- 6 |  7- 9 | 10-12 || total
---------------------------+-------+-------+-------+-------++-------
  Melee: Long sword        |   100 |   153 |   113 |       ||   366
         Scimitar          |       |       |   158 |    58 ||   216
  Throw: Boomerang         |       |       |     1 |       ||     1
         Throwing net      |       |       |       |     2 ||     2
   Cast: Magic Dart        |       |       |    11 |   229 ||   240
         Searing Ray       |       |       |       |    16 ||    16
  Evoke: Wand              |       |       |     1 |     3 ||     4
    Use: Scroll            |     5 |     5 |     1 |     6 ||    17
         Potion            |       |     2 |     2 |     2 ||     6
   Stab: Paralysed         |       |       |       |     6 ||     6
         Held in net/web   |       |       |       |     1 ||     1
 Armour: Scale mail        |    42 |    69 |   122 |    67 ||   300
  Dodge: Dodged            |    44 |    75 |   142 |    79 ||   340
  Block: Buckler           |    23 |    38 |    61 |       ||   122

Table legend: (Time is in decaauts)
 A = Elapsed time spent in this place.
 B = Non-inter-level travel time spent in this place.
 C = Inter-level travel time spent in this place.
 D = Time resting spent in this place.
 E = Time spent auto-exploring this place.
 F = Levels seen in this place.
 G = Mean time per level.
                   A        B        C        D        E       F      G
               +--------+--------+--------+--------+--------+-----+--------+
         Total |  13337 |  12798 |    539 |   2986 |   8100 |  11 | 1212.5 |
       Dungeon |   9959 |   9460 |    499 |   2125 |   6065 |   8 | 1244.9 |
        Temple |     23 |      1 |     22 |      0 |      0 |   1 |   23.0 |
          Lair |   3354 |   3337 |     17 |    861 |   2035 |   2 | 1677.0 |
               +--------+--------+--------+--------+--------+-----+--------+

Top non-repeatable levels by time:
  Lair:1: 2017 daAuts
     D:7: 1939 daAuts
     D:8: 1807 daAuts
     D:5: 1385 daAuts
  Lair:2: 1336 daAuts
     D:6: 1236 daAuts
     D:3: 1055 daAuts
     D:1: 867 daAuts
     D:2: 856 daAuts
     D:4: 812 daAuts
  Temple: 23 daAuts
